 Dungeon Crawl Stone Soup version 0.22.1-2-g9c5b331 (webtiles) character file.

563 Fang the Twirler (level 7, -3/41 HPs)
             Began as a Gargoyle Wanderer on Dec 11, 2018.
             Slain by a gnoll
             ... wielding a cursed +0 whip
              (5 damage)
             ... on level 3 of the Dungeon.
             The game lasted 00:02:38 (2802 turns).

Fang the Twirler (Gargoyle Wanderer)                Turns: 2802, Time: 00:02:39

Health: -3/41      AC: 10    Str: 16    XL:     7   Next: 32%
Magic:  7/7        EV: 12    Int: 11    God:
Gold:   111        SH:  0    Dex: 12    Spells: 6/6 levels left

rFire    . . .     SeeInvis .   a - +2 quarterstaff
rCold    + . .     Gourm    .   (shield currently unavailable)
rNeg     + . .     Faith    .   b - +0 ring mail
rPois    ∞         Spirit   .   (no helmet)
rElec    +         Reflect  .   k - scarf {repulsion}
rCorr    .         Harm     .   (no gloves)
MR       .....                  (no boots)
Stlth    +.........             m - amulet of the acrobat
HPRegen  0.13/turn              r - ring of protection from cold
MPRegen  0.10/turn              (no ring)

@: starving, repel missiles
A: negative energy resistance 1, electricity resistance, unbreathing,
petrification resistance, rot immunity, AC +4
a: no special abilities


You were on level 3 of the Dungeon.
You were starving.

You visited 1 branch of the dungeon, and saw 3 of its levels.

You collected 111 gold pieces.

Inventory:

Hand Weapons
 a - a +2 quarterstaff (weapon)
 t - a +0 hand axe of distortion
Armour
 b - a +0 ring mail (worn)
 k - a scarf of repulsion (worn)
Jewellery
 m - an amulet of the acrobat (around neck)
 r - a ring of protection from cold (left hand)
 s - an uncursed amulet of magic regeneration
Scrolls
 f - a scroll of fog {unknown}
 g - 2 scrolls of blinking {unknown}
 h - 5 scrolls of identify {unknown}
 i - 3 scrolls of teleportation {unknown}
 l - a scroll of enchant weapon {unknown}
 o - a scroll of fear {unknown}
 u - a scroll of immolation {unknown}
Potions
 c - a potion of lignification
 e - a potion of ambrosia {unknown}
 j - 2 potions of degeneration {unknown}
 n - a potion of agility {unknown}
 p - a potion of might {unknown}
 q - a potion of haste {unknown}
Comestibles
 d - 4 rations


   Skills:
 + Level 3.6 Fighting
 + Level 5.1 Staves
   Level 1.0 Bows
 + Level 1.0 Throwing
 + Level 4.5 Armour
 + Level 2.9 Dodging
 + Level 0.8 Stealth
   Level 1.1 Shields


You had 6 spell levels left.
You didn't know any spells.
Your spell library was empty.

Dungeon Overview and Level Annotations

Branches:
Dungeon (3/15)

Altars:
Cheibriados
Gozag

Annotations:
D:3 3 runed doors, emlat's ghost, amateur HOMo


Innate Abilities, Weirdness & Mutations

You are resistant to torment.
Your stone body is resilient. (AC +4)
You are immune to poison.
You resist negative energy. (rN+)
You are resistant to electric shocks. (rElec)
You can survive without breathing.
You are immune to petrification.
You are immune to rotting.


Message History

Unknown command.
You hit the hobgoblin but do no damage.
The hobgoblin hits you but does no damage.
The gnoll hits you.
* * * LOW HITPOINT WARNING * * *
The gnoll hits you with a whip.
* * * LOW HITPOINT WARNING * * *
The gnoll hits you but does no damage.
You sock the hobgoblin!
You kill the hobgoblin!
The gnoll barely misses you. The gnoll closely misses you.
The gnoll barely misses you.
Unknown command.
You closely miss the kobold. The kobold hits you.
* * * LOW HITPOINT WARNING * * *
The gnoll hits you but does no damage. The gnoll misses you.
The gnoll hits you but does no damage.
You barely miss the kobold. The kobold barely misses you.
The gnoll hits you with a whip.
You die...

#≈≈≈≈≈≈≈≈≈≈≈≈≈≈≈≈≈≈≈≈≈≈≈≈≈≈≈≈≈≈≈
#≈≈≈≈≈≈≈≈≈≈≈≈≈≈≈≈≈≈≈≈≈≈≈≈≈≈≈≈≈≈≈
#≈≈≈≈≈≈≈≈≈#####≈≈≈≈≈≈≈≈≈≈≈≈≈≈≈≈≈
#≈≈≈≈≈≈≈≈≈# ##################
#≈≈≈≈≈≈≈≈≈# #..............#..
#$ #..............'.)
#'##..............###
#.gg...########...... #..K@..#
#...... #..g...########......
#'##.....)........### #.K
#.....(........').


#KK #.....((.......#.. #.. ################## ### You could see 3 gnolls and a
kobold.

Vanquished Creatures
  6 big kobolds (D:3)
  Jessica (D:2)
  2 gnolls (D:3)
  2 adders
  An ooze (D:1)
  A dart slug (D:3)
  2 leopard geckos (D:1)
  4 bats (D:1)
  3 giant cockroaches
  5 goblins
  14 hobgoblins
  A jackal (D:2)
  3 quokkas (D:2)
  6 frilled lizards
  43 kobolds
  4 rats
98 creatures vanquished.

Notes
Turn   | Place    | Note
-------+----------+-------------------------------------------
     0 | D:1      | Fang the Gargoyle Wanderer began the quest for the Orb.
     0 | D:1      | Fang set off with: a +2 quarterstaff, a +0 ring mail, a
                  | potion of lignification, a ration
     0 | D:1      | Reached XP level 1. HP: 12/12 MP: 1/1
    61 | D:1      | Reached XP level 2. HP: 3/17 MP: 2/2
   663 | D:1      | Reached XP level 3. HP: 16/21 MP: 3/3
   973 | D:2      | Found a snail-covered altar of Cheibriados.
  1012 | D:2      | Reached skill level 2 in Staves
  1028 | D:2      | Noticed Jessica
  1035 | D:2      | Killed Jessica
  1035 | D:2      | Reached XP level 4. HP: 20/27 MP: 4/4
  1707 | D:3      | Found an opulent altar of Gozag.
  1708 | D:3      | Found a runed gate.
  1708 | D:3      | Found a runed gate.
  1708 | D:3      | Found a runed gate.
  1708 | D:3      | Noticed a hippogriff
  1708 | D:3      | Noticed emlat's ghost (amateur HOMo)
  1914 | D:3      | Noticed a big kobold
  1915 | D:3      | Noticed a big kobold
  1915 | D:3      | Noticed a big kobold
  1928 | D:3      | Killed a big kobold
  1928 | D:3      | Reached skill level 3 in Staves
  1928 | D:3      | Reached XP level 5. HP: 13/32 MP: 5/5
  1942 | D:3      | Killed a big kobold
  1942 | D:3      | Reached XP level 6. HP: 12/37 MP: 6/6
  2254 | D:3      | Reached skill level 4 in Staves
  2694 | D:3      | Reached XP level 7. HP: 36/41 MP: 7/7
  2706 | D:3      | Reached skill level 5 in Staves
  2801 | D:3      | HP: 2/41 [kobold (1)]
  2802 | D:3      | Slain by a gnoll

Skill      XL: |  1  2  3  4  5  6  7 |
---------------+----------------------+-----
Armour         | 3 4 |  4.5
Staves         | 2 3 4 5 |  5.1
Fighting       | 3 |  3.6
Dodging        | 2 |  2.9
Bows           | |  1.0
Throwing       | |  1.0
Stealth        | |  0.8
Shields        | |  1.1

Action                   |  1- 3 |  4- 6 |  7- 9 || total
-------------------------+-------+-------+-------++-------
Melee: Quarterstaff      |    98 |   170 |    47 ||   315
  Eat: Ration            |       |     1 |       ||     1
       Chunk             |       |     1 |       ||     1
Armor: Ring mail         |    45 |   108 |    40 ||   193
Dodge: Dodged            |    64 |   165 |    48 ||   277
       Deflected         |       |     5 |       ||     5
